APP
JOHNSON CITY CARDINALS @ BILLINGS MUSTANGS
08/25/2047
 
TOP OF THE 1ST
Johnson City Cardinals batting - Pitching for Billings Mustangs : LHP Mark Sandoval
Pitching: LHP Mark Sandoval
Batting: LHB Ken Compton 0-0: Called Strike
0-1: Called Strike
0-2: Ball
1-2: Ground out 5-3 (Groundball, 5L, EV 81.2 MPH)
Batting: SHB Justin Towry 0-0: Ball
1-0: Foul Ball, location: 2F
1-1: Swinging Strike
1-2: Strikes out looking
Batting: RHB Nelson Salamanca 0-0: Ball
1-0: Ball
2-0: Ball
3-0: Called Strike
3-1: Foul Ball, location: 2F
3-2: Base on Balls
Batting: RHB Nick Latulippe 0-0: Called Strike
0-1: Called Strike
0-2: Strikes out swinging
Top of the 1st over - 0 runs, 0 hits, 0 errors, 1 left on base; Johnson City 0 - Billings 0
BOTTOM OF THE 1ST
Billings Mustangs batting - Pitching for Johnson City Cardinals : LHP Craig Soole
Pitching: LHP Craig Soole
Batting: RHB Alex de Leon 0-0: Fly out, F9 (Flyball, 89M, EV 88.1 MPH)
Batting: RHB Ji-an See-to 0-0: Ball
1-0: Ball
2-0: Called Strike
2-1: Swinging Strike
2-2: Ball
3-2: Ground out 5-3 (Groundball, 5L, EV 81.2 MPH)
Batting: SHB David Garnica 0-0: Called Strike
0-1: Called Strike
0-2: Strikes out swinging
Bottom of the 1st over - 0 runs, 0 hits, 0 errors, 0 left on base; Johnson City 0 - Billings 0
TOP OF THE 2ND
Johnson City Cardinals batting - Pitching for Billings Mustangs : LHP Mark Sandoval
Batting: RHB McGwire Jones 0-0: Ball
1-0: Called Strike
1-1: Ground out 6-3 (Groundball, 56, EV 101.9 MPH)
Batting: RHB Johnny Lowe 0-0: Ball
1-0: Fly out, F7 (Flyball, 7S, EV 93.1 MPH)
Batting: RHB Tim Williams 0-0: Called Strike
0-1: Fly out, F7 (Flyball, 78M, EV 76.2 MPH)
Top of the 2nd over - 0 runs, 0 hits, 0 errors, 0 left on base; Johnson City 0 - Billings 0
BOTTOM OF THE 2ND
Billings Mustangs batting - Pitching for Johnson City Cardinals : LHP Craig Soole
Batting: SHB Gustavo Froio 0-0: Swinging Strike
0-1: Swinging Strike
0-2: Strikes out swinging
Batting: RHB Jamie Broadhurst 0-0: Called Strike
0-1: Foul Ball, location: 2F
0-2: Foul Ball, location: 2F
0-2: Ball
1-2: SINGLE (Groundball, 34, EV 108.8 MPH)
Batting: LHB Martin Koka 0-0: Ball
Wild Pitch!
Jamie Broadhurst to second
1-0: Foul Ball, location: 2F
1-1: Foul Ball, location: 2F
1-2: Strikes out swinging
Batting: RHB Juan Oliveros 0-0: Ball
Wild Pitch!
Jamie Broadhurst to third
1-0: Ground out 1-3 (Groundball, 34S, EV 70.6 MPH)
Bottom of the 2nd over - 0 runs, 1 hit, 0 errors, 1 left on base; Johnson City 0 - Billings 0
TOP OF THE 3RD
Johnson City Cardinals batting - Pitching for Billings Mustangs : LHP Mark Sandoval
Batting: RHB Geoff Musico 0-0: Ball
1-0: Foul Ball, location: 2F
1-1: Ball
2-1: Swinging Strike
2-2: Ball
3-2: Ground out 5-3 (Groundball, 25, EV 91.9 MPH)
Batting: RHB Edgar Klockow 0-0: Ball
1-0: Foul Ball, location: 2F
1-1: Foul Ball, location: 2F
1-2: Ball
2-2: Strikes out swinging
Batting: LHB Ken Compton 0-0: Called Strike
0-1: Called Strike
0-2: Ball
1-2: Ball
2-2: TRIPLE (Flyball, 9LD, EV 103.1 MPH)
Batting: SHB Justin Towry 0-0: Foul Ball, location: 2F
0-1: Foul Ball, location: 2F
0-2: Strikes out swinging
Top of the 3rd over - 0 runs, 1 hit, 0 errors, 1 left on base; Johnson City 0 - Billings 0
BOTTOM OF THE 3RD
Billings Mustangs batting - Pitching for Johnson City Cardinals : LHP Craig Soole
Batting: RHB Emanuel Estrada 0-0: Foul Ball, location: 2F
0-1: Swinging Strike
0-2: Strikes out swinging
Batting: RHB Declan Eichele 0-0: Ball
1-0: Ground out 5-3 (Groundball, 56, EV 105.0 MPH)
Batting: RHB Alex de Leon 0-0: Ball
1-0: Hit by Pitch
Batting: RHB Ji-an See-to 0-0: Ball
Alex de Leon steals 2nd base (no throw)
1-0: Called Strike
1-1: Called Strike
1-2: Strikes out looking
Bottom of the 3rd over - 0 runs, 0 hits, 0 errors, 1 left on base; Johnson City 0 - Billings 0
TOP OF THE 4TH
Johnson City Cardinals batting - Pitching for Billings Mustangs : LHP Mark Sandoval
Batting: RHB Nelson Salamanca 0-0: Foul Ball, location: 2F
0-1: Ball
1-1: Foul Ball, location: 2F
1-2: Strikes out looking
Batting: RHB Nick Latulippe 0-0: Ball
1-0: Ball
2-0: Ball
3-0: Base on Balls
Batting: RHB McGwire Jones 0-0: Called Strike
0-1: Swinging Strike
0-2: Ball
Nick Latulippe is caught stealing 2nd base 2-4
1-2: Foul Ball, location: 2F
1-2: Foul Ball, location: 2F
1-2: Ball
2-2: Strikes out swinging
Top of the 4th over - 0 runs, 0 hits, 0 errors, 0 left on base; Johnson City 0 - Billings 0
BOTTOM OF THE 4TH
Billings Mustangs batting - Pitching for Johnson City Cardinals : LHP Craig Soole
Batting: SHB David Garnica 0-0: Foul Ball, location: 2F
0-1: Swinging Strike
0-2: Ground out 4-3 (Groundball, 4, EV 88.1 MPH)
Batting: SHB Gustavo Froio 0-0: Ball
1-0: DOUBLE (Line Drive, 9LS, EV 88.8 MPH)
Batting: RHB Jamie Broadhurst 0-0: Ball
1-0: Foul Ball, location: 2F
1-1: Ball
2-1: Foul Ball, location: 2F
2-2: Ball
3-2: Base on Balls
Batting: LHB Martin Koka 0-0: Foul Ball, location: 2F
0-1: Swinging Strike
0-2: Foul Ball, location: 2F
0-2: Foul Ball, location: 2F
0-2: Foul Ball, location: 2F
0-2: Ball
1-2: DOUBLE (Line Drive, 9LS, EV 98.8 MPH)
Gustavo Froio scores
Jamie Broadhurst to third
Runner from 3rd tries for Home, SAFE, no throw by RF
Batting: RHB Juan Oliveros 0-0: Called Strike
0-1: Swinging Strike
0-2: Ball
1-2: Strikes out swinging
Batting: RHB Emanuel Estrada 0-0: Foul Ball, location: 2F
0-1: Ball
1-1: Fly out, F9 (Line Drive, 89M, EV 95.0 MPH)
Bottom of the 4th over - 2 runs, 2 hits, 0 errors, 1 left on base; Johnson City 0 - Billings 2
TOP OF THE 5TH
Johnson City Cardinals batting - Pitching for Billings Mustangs : LHP Mark Sandoval
Batting: RHB Johnny Lowe 0-0: Ball
1-0: Swinging Strike
1-1: Foul Ball, location: 2F
1-2: Strikes out swinging
Batting: RHB Tim Williams 0-0: Swinging Strike
0-1: Ball
1-1: Ball
2-1: Foul Ball, location: 2F
2-2: Strikes out swinging
Batting: RHB Geoff Musico 0-0: Ball
1-0: Foul Ball, location: 2F
1-1: Ball
2-1: Swinging Strike
2-2: Strikes out swinging
Top of the 5th over - 0 runs, 0 hits, 0 errors, 0 left on base; Johnson City 0 - Billings 2
BOTTOM OF THE 5TH
Billings Mustangs batting - Pitching for Johnson City Cardinals : LHP Craig Soole
Batting: RHB Declan Eichele 0-0: SINGLE (Groundball, 56D, EV 103.8 MPH)
Batting: RHB Alex de Leon 0-0: Called Strike
0-1: Ball
1-1: Grounds into double play, 4-6-3 (Groundball, 4, EV 85.0 MPH)
Batting: RHB Ji-an See-to 0-0: Called Strike
0-1: Called Strike
0-2: Ball
1-2: Foul Ball, location: 2F
1-2: Ball
2-2: Ball
3-2: Foul Ball, location: 2F
3-2: Base on Balls
Batting: SHB David Garnica 0-0: Ball
1-0: Ball
2-0: Ball
3-0: Called Strike
3-1: Base on Balls
Ji-an See-to to second
Batting: SHB Gustavo Froio 0-0: Ball
1-0: Ball
2-0: Foul Ball, location: 2F
2-1: Foul Ball, location: 2F
2-2: Ball
3-2: Foul Ball, location: 2F
3-2: SINGLE (Groundball, 4MD, EV 96.2 MPH)
Ji-an See-to to third
David Garnica to second
Ji-an See-to scores
David Garnica to third
Batting: RHB Jamie Broadhurst 0-0: Ball
1-0: Ball
2-0: Fly out, F9 (Flyball, 89S, EV 90.0 MPH)
Bottom of the 5th over - 1 run, 2 hits, 0 errors, 2 left on base; Johnson City 0 - Billings 3
TOP OF THE 6TH
Johnson City Cardinals batting - Pitching for Billings Mustangs : LHP Mark Sandoval
Batting: RHB Edgar Klockow 0-0: Ball
1-0: Ground out 5-3 (Groundball, 5, EV 88.8 MPH)
Batting: LHB Ken Compton 0-0: TRIPLE (Flyball, 89XD, EV 88.8 MPH)
Batting: SHB Justin Towry 0-0: Ball
1-0: Ball
2-0: Called Strike
2-1: Ball
3-1: Foul Ball, location: 2F
3-2: Foul Ball, location: 2F
3-2: Base on Balls
Batting: RHB Nelson Salamanca 0-0: Ball
1-0: Called Strike
1-1: Ball
2-1: Fly out, F9 (Flyball, 9, EV 90.0 MPH)
Batting: RHB Nick Latulippe 0-0: Called Strike
0-1: Ball
1-1: Ball
2-1: Foul Ball, location: 2F
2-2: Ball
3-2: Foul Ball, location: 2F
3-2: Foul Ball, location: 2F
3-2: Base on Balls
Justin Towry to second
Pitching: RHP Cortez Restrepo
Batting: RHB McGwire Jones 0-0: Called Strike
0-1: Ball
1-1: Called Strike
1-2: Ball
2-2: Foul Ball, location: 2F
2-2: Strikes out looking
Top of the 6th over - 0 runs, 1 hit, 0 errors, 3 left on base; Johnson City 0 - Billings 3
BOTTOM OF THE 6TH
Billings Mustangs batting - Pitching for Johnson City Cardinals : LHP Craig Soole
Batting: LHB Martin Koka 0-0: Foul Ball, location: 2F
0-1: SINGLE (Line Drive, 56D, EV 108.8 MPH)
Batting: RHB Juan Oliveros 0-0: SINGLE (Groundball, 34S, EV 80.0 MPH) (infield hit)
Martin Koka to second
Batting: RHB Emanuel Estrada 0-0: 3-RUN HOME RUN (Flyball, 7LD, EV 91.2 MPH), Distance : 353 ft
Pitching: LHP Gonnohyoe Hata
Batting: RHB Declan Eichele 0-0: Called Strike
0-1: Ball
1-1: Ball
2-1: Foul Ball, location: 2F
2-2: Ball
3-2: Base on Balls
Batting: RHB Alex de Leon 0-0: Ball
1-0: Swinging Strike
1-1: Fly out, F9 (Flyball, 9LMF, EV 93.1 MPH)
Batting: RHB Ji-an See-to 0-0: Called Strike
0-1: Ball
1-1: Foul Ball, location: 2F
1-2: Strikes out looking
Batting: SHB David Garnica 0-0: Called Strike
0-1: Ball
1-1: Swinging Strike
1-2: Foul Ball, location: 2F
1-2: Strikes out swinging
Bottom of the 6th over - 3 runs, 3 hits, 0 errors, 1 left on base; Johnson City 0 - Billings 6
TOP OF THE 7TH
Johnson City Cardinals batting - Pitching for Billings Mustangs : RHP Cortez Restrepo
Batting: RHB Johnny Lowe 0-0: Foul Ball, location: 2F
0-1: Swinging Strike
0-2: Strikes out looking
Batting: RHB Tim Williams 0-0: Foul Ball, location: 2F
0-1: Ball
1-1: Foul Ball, location: 2F
1-2: Foul Ball, location: 2F
1-2: Ball
2-2: Hit by Pitch
Batting: RHB Geoff Musico 0-0: Ball
1-0: Ball
2-0: Called Strike
2-1: 2-RUN HOME RUN (Flyball, 89XD, EV 108.8 MPH), Distance : 412 ft
Batting: RHB Edgar Klockow 0-0: Ball
1-0: SINGLE (Line Drive, 6D, EV 98.1 MPH)
Batting: LHB Ken Compton 0-0: Ball
Edgar Klockow is caught stealing 2nd base 2-6
1-0: Ball
2-0: Ball
3-0: Base on Balls
Batting: SHB Justin Towry 0-0: Called Strike
Ken Compton steals 2nd base
0-1: Called Strike
0-2: Ground out 4-3 (Groundball, 4, EV 99.4 MPH)
Top of the 7th over - 2 runs, 2 hits, 0 errors, 1 left on base; Johnson City 2 - Billings 6
BOTTOM OF THE 7TH
Billings Mustangs batting - Pitching for Johnson City Cardinals : LHP Gonnohyoe Hata
Batting: SHB Gustavo Froio 0-0: Ball
1-0: Ball
2-0: Foul Ball, location: 2F
2-1: Ball
3-1: Base on Balls
Batting: RHB Jamie Broadhurst 0-0: Ball
1-0: Ball
2-0: Ball
3-0: Base on Balls
Gustavo Froio to second
Batting: LHB Martin Koka 0-0: Sac Bunt to 25 - play at first, batter OUT! 5-3
Gustavo Froio to third
Jamie Broadhurst to second
Batting: RHB Juan Oliveros 0-0: Ball
1-0: SINGLE (Groundball, 4MS, EV 80.6 MPH) (infield hit)
Gustavo Froio scores
Jamie Broadhurst to third
Batting: RHB Emanuel Estrada 0-0: Ball
1-0: Ball
2-0: Ball
3-0: Called Strike
3-1: Grounds into double play, 6-4-3 (Groundball, 56, EV 103.1 MPH)
Bottom of the 7th over - 1 run, 1 hit, 0 errors, 1 left on base; Johnson City 2 - Billings 7
TOP OF THE 8TH
Johnson City Cardinals batting - Pitching for Billings Mustangs : RHP Cortez Restrepo
Batting: RHB Nelson Salamanca 0-0: Swinging Strike
0-1: Called Strike
0-2: Strikes out swinging
Batting: RHB Nick Latulippe 0-0: Foul Ball, location: 2F
0-1: Foul Ball, location: 2F
0-2: Ball
1-2: Ball
2-2: Foul Ball, location: 2F
2-2: Ball
3-2: Base on Balls
Pitching: LHP Gabe Alcantara
Batting: RHB McGwire Jones 0-0: Ball
1-0: Ball
2-0: Ball
3-0: Base on Balls
Nick Latulippe to second
Batting: RHB Johnny Lowe 0-0: Ball
1-0: Foul Ball, location: 2F
1-1: Ball
2-1: Swinging Strike
2-2: Strikes out swinging
Batting: RHB Tim Williams 0-0: Ball
1-0: Ball
2-0: Foul Ball, location: 2F
2-1: Called Strike
2-2: Ball
3-2: Foul Ball, location: 2F
3-2: DOUBLE (Line Drive, 9LS, EV 96.9 MPH)
Nick Latulippe scores
McGwire Jones to third
McGwire Jones scores
Batting: RHB Geoff Musico 0-0: 2-RUN HOME RUN (Line Drive, 9D, EV 101.9 MPH), Distance : 401 ft
Pitching: LHP Alec Valencia
Batting: RHB Edgar Klockow 0-0: Fly out, F8 (Flyball, 8LM, EV 73.8 MPH)
Top of the 8th over - 4 runs, 2 hits, 0 errors, 0 left on base; Johnson City 6 - Billings 7
BOTTOM OF THE 8TH
Billings Mustangs batting - Pitching for Johnson City Cardinals : LHP Gonnohyoe Hata
Batting: RHB Declan Eichele 0-0: Ball
1-0: Fly out, F3 (Line Drive, 3L, EV 68.8 MPH)
Batting: RHB Alex de Leon 0-0: Called Strike
0-1: Ball
1-1: Ball
2-1: Ball
3-1: Base on Balls
Pitching: RHP Ricky Enriquez
Batting: RHB Ji-an See-to 0-0: Ball
1-0: Called Strike
Alex de Leon steals 2nd base (no throw)
1-1: Ball
2-1: Called Strike
2-2: Strikes out swinging
Batting: SHB David Garnica 0-0: Intentional Walk
Batting: SHB Gustavo Froio 0-0: Ball
1-0: Foul Ball, location: 2F
1-1: Ball
2-1: Ground out 4-3 (Groundball, 4, EV 96.9 MPH)
Bottom of the 8th over - 0 runs, 0 hits, 0 errors, 2 left on base; Johnson City 6 - Billings 7
TOP OF THE 9TH
Johnson City Cardinals batting - Pitching for Billings Mustangs : LHP Alec Valencia
Pitching: RHP Jeff Buchanan
Batting: LHB Ken Compton 0-0: Ball
1-0: Swinging Strike
1-1: Foul Ball, location: 2F
1-2: Ball
2-2: SINGLE (Line Drive, 89D, EV 104.4 MPH)
Batting: SHB Justin Towry 0-0: Ball
1-0: Ball
2-0: SINGLE (Line Drive, 89M, EV 110.6 MPH)
Ken Compton to second
Batting: RHB Nelson Salamanca 0-0: Grounds into double play, 5-4-3 (Groundball, 56S, EV 86.9 MPH)
Ken Compton to third
Batting: RHB Nick Latulippe 0-0: Called Strike
0-1: Called Strike
0-2: Strikes out swinging
Top of the 9th over - 0 runs, 2 hits, 0 errors, 1 left on base; Johnson City 6 - Billings 7
Thursday, December 15th , 2022 - OOTP Baseball 23.9 Build 102